 Dungeon Crawl Stone Soup version 0.18.1-48-g4cf74bf (webtiles) character file.

68 raph the Chiller (level 4, 0/29 HPs)
             Began as a High Elf Ice Elementalist on July 14, 2016.
             Succumbed to a worker ant's poison
             ... on level 2 of the Dungeon.
             The game lasted 00:03:39 (1727 turns).

raph the Chiller (High Elf Ice Elementalist)        Turns: 1727, Time: 00:03:39

Health: 0/29       AC:  8    Str: 12    XL:     4   Next: 1%
Magic:  6/8        EV: 13    Int: 20    God:
Gold:   71         SH:  0    Dex: 17    Spells: 3 memorised, 1 level left

rFire  . . .     SeeInvis .     i - +0 short sword
rCold  . . .     Gourm    .     a - +0 robe
rNeg   . . .     Faith    .     (no shield)
rPois  .         Spirit   .     (no helmet)
rElec  .         Dismiss  .     (no cloak)
rCorr  .         Reflect  .     e - +0 pair of gloves
SustAt .         Harm     .     (no boots)
MR     .....                    (no amulet)
Stlth  +++.......               (no ring)
                                (no ring)

@: mighty, lethally poisoned (0 -> -4), icy armour, slow, not resistant to
hostile enchantments, fairly stealthy
A: thin skeletal structure 1, mutation resistance 1, robust 1
a: no special abilities


You were on level 2 of the Dungeon.
You were not hungry.

You visited 1 branch of the dungeon, and saw 3 of its levels.

You collected 71 gold pieces.

Inventory:

Hand Weapons
 i - a +0 short sword (weapon)
Armour
 a - a +0 robe (worn)
 e - a +0 pair of gloves (worn)
Scrolls
 f - a scroll of remove curse
 g - a scroll of immolation {unknown}
 h - 2 scrolls of teleportation {unknown}
 k - a scroll of magic mapping {unknown}
 l - a scroll of random uselessness {unknown}
 m - 2 scrolls of identify {unknown}
 o - 2 scrolls of noise {unknown}
Potions
 j - a potion of might
 n - a potion of magic
Books
 b - a book of Frost

   Spells                             Type                      Level
   a - Freeze                         Ice                          1
   b - Throw Frost                    Conjuration/Ice              2
   c - Ozocubu's Armour               Charms/Ice                   3
   d - Throw Icicle                   Conjuration/Ice              4
   e - Summon Ice Beast               Ice/Summoning                4
Comestibles
 c - 2 bread rations


   Skills:
 - Level 2.1 Dodging
 - Level 2.1 Stealth
 - Level 2.4 Spellcasting
 - Level 1.1 Conjurations
 * Level 4.9 Ice Magic


You had one spell level left.
You knew the following spells:

 Your Spells              Type           Power        Failure   Level  Hunger
a - Freeze                Ice            ###.         1%          1    #......
b - Throw Frost           Conj/Ice       ##....       10%         2    ##.....
c - Ozocubu's Armour      Chrm/Ice       ##......     17%         3    ###....


Dungeon Overview and Level Annotations

Branches:
Dungeon (3/15)

Altars:
Pakellas
Ru


Innate Abilities, Weirdness & Mutations

You have a somewhat thin skeletal structure (Dex +2, Stealth).
You are somewhat resistant to further mutation.
You are robust (+10% HP).


Message History

There is a stone staircase leading up here.
* * * LOW HITPOINT WARNING * * *
You feel sick.
You climb upwards.
There is a stone staircase leading down here.
Drink which item? (? for menu, Esc to quit)
Okay, then.
Drink which item? (? for menu, Esc to quit)
Okay, then.
Read which item? (? for menu, Esc to quit)
As you read the scroll labeled KORU RIHOK ZEI, it crumbles to dust.
You feel blessed for a moment.
It was a scroll of remove curse.
* * * LOW HITPOINT WARNING * * *
You feel sick.
Read which item? (? for menu, Esc to quit)
Okay, then.
Casting: Freeze
Confirm with . or Enter, or press ? or * to list all spells.
A film of ice covers your body!
You die...

##........# ##...##
#.# #######.##
##'########## #.#
#.# #.#........# #.#
#.# #.#.######.# #.#
#.# ##.#.# #.# #.#
#.#
##....######.###.#
#.#
#.....##.........#
#.#
##.>..##.###.#####
#.#######@#........#
#........#####.#####
########.......#
#########


There were no monsters in sight!

Vanquished Creatures
  A worker ant (D:3)
  An ooze (D:2)
  3 dart slugs
  A giant gecko (D:2)
  2 giant cockroaches (D:1)
  6 goblins
  7 hobgoblins
  2 bats
  3 kobolds
  6 rats
32 creatures vanquished.

Notes
Turn   | Place    | Note
--------------------------------------------------------------
     0 | D:1      | raph the High Elf Ice Elementalist began the quest for the Orb.
     0 | D:1      | Reached XP level 1. HP: 11/11 MP: 4/4
   329 | D:1      | Reached XP level 2. HP: 16/17 MP: 3/6
   445 | D:1      | Learned a level 2 spell: Throw Frost
   770 | D:2      | Reached skill level 4 in Ice Magic
   830 | D:2      | Found a sacrificial altar of Ru.
   878 | D:2      | Found an oddly glowing altar of Pakellas.
   988 | D:2      | Reached XP level 3. HP: 19/21 MP: 4/7
  1101 | D:2      | Learned a level 3 spell: Ozocubu's Armour
  1712 | D:3      | Reached XP level 4. HP: 9/27 MP: 2/8
  1717 | D:3      | Gained mutation: You have a somewhat thin skeletal structure (Dex +2, Stealth). [potion of mutation]
  1717 | D:3      | Gained mutation: You are robust (+10% HP). [potion of mutation]
  1717 | D:3      | Gained mutation: You are somewhat resistant to further mutation. [potion of mutation]
  1724 | D:2      | HP: 1/29 [poisoned by a worker ant]
  1727 | D:2      | Succumbed to a worker ant's poison

Skill      XL: |  1  2 |
---------------+-------+-----
Ice Magic      | 4 |  4.9
Dodging        | |  2.1
Stealth        | |  2.1
Spellcasting   | |  2.4
Conjurations   | |  1.1

Action                   |  1- 3 |  4- 6 || total
-------------------------+-------+-------++-------
Melee: Short sword       |     3 |       ||     3
 Cast: Freeze            |    45 |     1 ||    46
       Throw Frost       |     8 |       ||     8
       Ozocubu's Armour  |     1 |     1 ||     2
  Use: Potion            |       |     3 ||     3
       Scroll            |       |     1 ||     1
  Eat: Chunk             |     3 |       ||     3
Armor: Robe              |     6 |       ||     6
Dodge: Dodged            |    20 |       ||    20
